 Dungeon Crawl Stone Soup version 0.28.0-47-ge53b351184 (webtiles) character file.

Game seed: 13953898706859053302

80 issech the Cudgeller (level 4, 0/44 HPs)
             Began as a Troll Monk on May 6, 2022.
             Slain by an adder (1 damage)
             ... on level 2 of the Dungeon.
             The game lasted 00:05:15 (1472 turns).

issech the Cudgeller (Troll Monk)                   Turns: 1472, Time: 00:05:16

Health: 0/44       AC:  4    Str: 19    XL:     4   Next: 18%
Magic:  3/3        EV: 10    Int:  6    God:
Gold:   142        SH:  0    Dex: 14    Spells: 3/3 levels left

rFire   . . .      SeeInvis .   a - +0 mace
rCold   . . .      Faith    .   (no shield)
rNeg    . . .      Spirit   .   b - +0 robe
rPois   .          Reflect  .   (helmet restricted)
rElec   .          Harm     .   (no cloak)
rCorr   +          Rampage  .   (gloves unavailable)
Will    .....                   (boots unavailable)
Stlth   ++........              (no amulet)
HPRegen 0.94/turn               j - ring of resist corrosion
MPRegen 0.08/turn               (no ring)

@: lethally poisoned (0 -> -6)
A: large, unfitting armour, claws 3, regeneration 1, shaggy fur 1, tough skin 1
a: no special abilities


You were on level 2 of the Dungeon.
You visited 1 branch of the dungeon, and saw 2 of its levels.

You collected 142 gold pieces.

Inventory:

Hand Weapons
 a - a +0 mace (weapon)
Missiles
 e - 3 poisoned darts
 f - 19 stones (quivered)
Armour
 b - a +0 robe (worn)
Jewellery
 j - a ring of resist corrosion (left claw)
Scrolls
 c - a scroll of blinking {unknown}
 g - a scroll of immolation {unknown}
 h - a scroll of fear {unknown}
 i - 2 scrolls of identify {unknown}
Potions
 d - a potion of degeneration {unknown}
 k - a potion of curing {unknown}


   Skills:
 + Level 2.9 Fighting
 + Level 3.4 Maces & Flails
 + Level 3.2 Dodging
 + Level 1.1 Stealth


You had 3 spell levels left.
You didn't know any spells.
Your spell library contained the following spells:

 Spells                   Type           Power      Damage    Failure   Level
 Animate Skeleton         Necr           0%         N/A       45%         1
 Pain                     Necr           0%         1d4       45%         1
 Vampiric Draining        Necr           0%         2d6       83%         3


Dungeon Overview and Level Annotations

Branches:
Dungeon (2/15)

Altars:


Innate Abilities, Weirdness & Mutations

You are too large for most types of armour.
You have claws for hands.
Your natural rate of healing is unusually fast.
You are covered in fur. (AC +1)
You have tough skin. (AC +1)


Message History

You miss the adder.
The adder is lightly wounded.
You feel sick.
You are no longer poisoned.
The adder bites you.
You are poisoned.
The adder poisons you! The adder barely misses you.
The adder bites you but does no damage. The adder barely misses you.
You hit the adder but do no damage.
The adder is lightly wounded.
You feel sick. The adder bites you. x2
You hit the adder.
The adder is moderately wounded.
You feel sick. The adder bites you. The adder bites you but does no damage.
The adder bites you.
You are more poisoned.
The adder poisons you! The adder bites you but does no damage.
You barely miss the adder.
The adder is moderately wounded.
You feel very sick. The adder bites you.
You are more poisoned.
The adder poisons you! The adder bites you.
* * * LOW HITPOINT WARNING * * *
You are lethally poisoned!
The adder poisons you!
You barely miss the adder.
The adder is moderately wounded.
* * * LOW HITPOINT WARNING * * *
You feel very sick. The adder misses you. The adder barely misses you.
The adder closely misses you. The adder barely misses you.
You barely miss the adder.
The adder is moderately wounded.
* * * LOW HITPOINT WARNING * * *
You feel very sick. The adder bites you.
* * * LOW HITPOINT WARNING * * *
The adder bites you.
You die...

..#........##.##.#.#.#
.#........'..##.#.#.#
#........#####.#.#.#
#####.#'## #.....#.#
#.#.####.#.###.#
#.#....#.#...<.#
#.##.###.#######
#.#####S##.# #.#
#....S@.##.# #.#######
##########.# #.......#
#.#########.# #....#
#.# ####.# #.#
#.######.# #.....##.#
#####.##.# #.##.#


You could see 2 adders.

Vanquished Creatures
  A gnoll (D:1)
  An adder (D:2)
  A worm (D:2)
  2 dart slugs
  A bat (D:1)
  4 endoplasms
  3 giant cockroaches
  5 goblins (D:1)
  4 hobgoblins
  6 jackals (D:1)
  6 kobolds
  6 quokkas
  3 ball pythons
  2 frilled lizards (D:1)
  4 rats (D:1)
  A toadstool (D:1)
50 creatures vanquished.

Vanquished Creatures (others)
  3 fungi (D:1)
  3 toadstools (D:1)
6 creatures vanquished.

Grand Total: 56 creatures vanquished

Notes
Turn   | Place    | Note
-------+----------+-------------------------------------------
     0 | D:1      | issech the Troll Monk began the quest for the Orb.
     0 | D:1      | Reached XP level 1. HP: 22/22 MP: 0/0
   178 | D:1      | Reached XP level 2. HP: 29/29 MP: 1/1
   374 | D:1      | Found a faded altar of an unknown god.
   548 | D:1      | Reached XP level 3. HP: 36/36 MP: 2/2
  1167 | D:2      | Reached XP level 4. HP: 41/44 MP: 3/3
  1472 | D:2      | HP: 2/44 [poisoned by an adder]
  1472 | D:2      | Slain by an adder

Illustrated notes

Levels and vault maps discovered:
D:1:      ncdulo_wetmaze, layout_basic, hellmonk_ecumenical_altar_crossroads,
          minmay_gold_behind_fungi
D:2:      layout_basic, minmay_tetromino_i4

Skill      XL: |  1  2  3 |
---------------+----------+-----
Maces & Flails | 3 |  3.4
Dodging        | 3 |  3.2
Fighting       | |  2.9
Stealth        | |  1.1

Action                   |  1- 3 |  4- 6 || total
-------------------------+-------+-------++-------
Melee: Mace              |   161 |    40 ||   201
       Punch             |     3 |       ||     3
 Stab: Distracted        |       |     1 ||     1
Armor: Robe              |    50 |    12 ||    62
Dodge: Dodged            |   108 |    25 ||   133
